 Dungeon Crawl Stone Soup version 0.24-a0-201-gf205589 (webtiles) character file.

Game seed: 3386460208529279119

30 Borgoz the Skirmisher (level 3, -5/30 (31) HPs)
             Began as a Ghoul Monk on Mar 23, 2019.
             Slain by an ogre
             ... wielding a +0 giant club
              (21 damage)
             ... on level 3 of the Dungeon.
             The game lasted 00:02:35 (1579 turns).

Borgoz the Skirmisher (Ghoul Monk)                  Turns: 1579, Time: 00:02:36

HP:   -5/30 (31)    AC:  9    Str: 14    XL:     3   Next: 18%
MP:   2/2           EV:  7    Int:  6    God:
Gold: 99            SH:  0    Dex: 11    Spells: 2/2 levels left

rFire    . . .     SeeInvis .   a - +0 short sword
rCold    + . .     Gourm    .   (no shield)
rNeg     + + +     Faith    .   i - +1 chain mail
rPois    ∞         Spirit   .   (no helmet)
rElec    .         Reflect  .   (no cloak)
rCorr    .         Harm     .   (no gloves)
MR       .....                  (no boots)
Stlth    ..........             (no amulet)
HPRegen  0.00/turn              (no ring)
MPRegen  0.08/turn              (no ring)

@: rotting
A: rotting body, claws 1, carnivore, cold resistance 1, negative energy
resistance 3, inhibited regeneration, torment resistance, unbreathing
a: no special abilities


You were on level 3 of the Dungeon.
You were not hungry.

You visited 1 branch of the dungeon, and saw 3 of its levels.

You collected 99 gold pieces.

Inventory:

Hand Weapons
 a - a +0 short sword (weapon)
Missiles
 j - 5 javelins (quivered)
Armour
 i - a +1 chain mail (worn)
Scrolls
 h - 3 scrolls of identify {unknown}
 k - a scroll of magic mapping {unknown}
Potions
 f - 3 potions of flight {unknown}
 g - a potion of might {unknown}
 l - a potion of heal wounds {unknown}
Comestibles
 c - 5 rations


   Skills:
 - Level 3.2 Fighting
 + Level 3.1 Short Blades
 + Level 1.2 Armour
 + Level 3.1 Dodging
 - Level 2.1 Stealth


You had 2 spell levels left.
You didn't know any spells.
Your spell library was empty.

Dungeon Overview and Level Annotations

Branches:
Dungeon (3/15)

Altars:


Innate Abilities, Weirdness & Mutations

Your body is rotting away.
You thrive on raw meat.
You are immune to poison.
You have sharp fingernails.
You are carnivorous and can eat meat at any time.
Your flesh is cold resistant. (rC+)
You are immune to negative energy. (rN+++)
You do not regenerate when monsters are visible.
You are immune to unholy pain and torment.
You can survive without breathing.


Message History

The bat barely misses you.
You hit the bat.
The bat is severely wounded.
The bat barely misses you.
You hit the bat.
You kill the bat!
No target in view!
No target in view!
There is a stone staircase leading down here.
An ogre comes into view. It is wielding a +0 giant club.
The ogre shouts!
An ogre is nearby!
The ogre hits you with a +0 giant club!
You hit the ogre.
The ogre is moderately wounded.
You closely miss the ogre.
The ogre is moderately wounded.
The ogre hits you with a +0 giant club!!
Ouch! That really hurt!
You die...

.. # .#
##.#........ .#
#............
.##....# .......
### .<.....#
....... ..#
.......# .......
#.# .#######
....... #.# ..##
#....###.###.#
...# #O@.......#
..## #####.#####
.## ##>## .####
####...#########
....+
+...............
.####
####......#### ##
#...##.# .#
#######.# .#
...######.......#


You could see an ogre.

Vanquished Creatures
  A worm (D:2)
  2 dart slugs
  3 bats
  4 hobgoblins (D:2)
  4 frilled lizards
  A goblin (D:3)
  5 kobolds
  4 rats
24 creatures vanquished.

Notes
Turn   | Place    | Note
-------+----------+-------------------------------------------
     0 | D:1      | Borgoz the Ghoul Monk began the quest for the Orb.
     0 | D:1      | Reached XP level 1. HP: 19/19 MP: 0/0
     2 | D:1      | Noticed a demigod
     4 | D:1      | Noticed a demonspawn
     4 | D:1      | Noticed a ghoul
     6 | D:1      | Noticed a dwarf
     8 | D:1      | Noticed a troll
     8 | D:1      | Noticed a vampire
    10 | D:1      | Noticed a centaur
    10 | D:1      | Noticed an octopode
    12 | D:1      | Noticed a felid
    12 | D:1      | Noticed a gargoyle
    14 | D:1      | Noticed a draconian
    14 | D:1      | Noticed a minotaur
    16 | D:1      | Noticed a merfolk
    18 | D:1      | Noticed a formicid
    18 | D:1      | Noticed a vine stalker
    20 | D:1      | Noticed a spriggan
    20 | D:1      | Noticed a human
    22 | D:1      | Noticed an ogre
    24 | D:1      | Noticed a naga
    24 | D:1      | Noticed a halfling
    26 | D:1      | Noticed a tengu
    26 | D:1      | Noticed an elf
   487 | D:1      | Reached XP level 2. HP: 19/24 MP: 1/1
   841 | D:2      | Reached skill level 1 in Armour
  1306 | D:2      | Reached XP level 3. HP: 31/31 MP: 2/2
  1574 | D:3      | Noticed an ogre
  1579 | D:3      | Slain by an ogre

Levels and vault maps discovered:
D:1:      kb_arrival_jail, layout_rooms, grunt_decor_arrowhead
D:2:      layout_loops_ring
D:3:      layout_loops_corners, minmay_misc_feat_doors

Skill      XL: |  1  2 |
---------------+-------+-----
Short Blades   | 3 |  3.1
Dodging        | 3 |  3.1
Armour         | 1 |  1.2
Fighting       | |  3.2
Stealth        | |  2.1

Action                   || total
-------------------------++-------
Melee: Short sword       ||   114
  Use: Scroll            ||     2
 Stab: Sleeping          ||     1
  Eat: Chunk             ||     9
Armor: Robe              ||    19
       Chain mail        ||     7
Dodge: Dodged            ||    51

Table legend:
 A = Non-vault XP
 B = Vault XP
 C = Vault XP percentage of total XP
 D = Non-vault monster count
 E = Vault monster count
 F = Vault count percentage of total count
                 A         B        C        D         E       F
            +---------+---------+-------+---------+---------+-------
      Total |      43 |       0 |   0.0 |      24 |       0 |   0.0
            +---------+---------+-------+---------+---------+-------
        D:1 |      12 |       0 |   0.0 |       7 |       0 |   0.0
        D:2 |      28 |       0 |   0.0 |      14 |       0 |   0.0
        D:3 |       3 |       0 |   0.0 |       3 |       0 |   0.0
            +---------+---------+-------+---------+---------+-------
